AoeStats
← 公鸡神探

Arena

507283896Analyzed
4v4 RM · 16d ago on Sep 17, 2026· 38m 5s· 8 players
Game mode
Random Map
Map size
Large (8 player)
Population
200
Speed
Normal
Resources
Standard
Victory
Conquest
Starting age
Dark Age
Ending age
Imperial Age
RankedLock teamsTeams togetherTeam positionsShared explorationLock speedFull tech treeHidden civsTurbo modeCheats
Victory
Defeat
🇨🇳 Chinese · China
1280
+11
🇳🇱 Bohemians · Netherlands
1221
+13
🇹🇼 Teutons · Taiwan
1207
+14
🇨🇳 Goths · China
1178
+15
🇨🇳 Ethiopians · China
1208
-15
🇨🇳 Burmese · China
1194
-14
🇩🇪 Bulgarians · Germany
1154
-13
1110
-11
DeeperDeeper
6:45 Loom
9:04 Feudal Age
10:02 Town Watch
10:47 Fletching
16:39 Double-Bit Axe
17:47 Horse Collar
24:51 Castle Age
23:25 Gold Mining
31:20 Forging
31:53 Bow Saw
34:29 Scale Mail Armor
35:41 Wheelbarrow
35:24 Heavy Plow
36:26 Iron Casting
38:14 Hand Cart
RM123
10:49 Feudal Age
13:08 Loom
15:29 Castle Age
13:51 Horse Collar
14:05 Double-Bit Axe
23:45 Bow Saw
23:40 Heavy Plow
25:10 Wheelbarrow
25:04 Pikeman
26:23 Fletching
27:00 Bodkin Arrow
32:21 Imperial Age
30:39 Squires
30:43 Scale Mail Armor
30:54 Forging
31:48 Chemistry
31:09 Ballistics
32:30 Hand Cart
32:59 Chain Mail Armor
33:19 Iron Casting
32:27 Halberdier
33:22 Bracer
34:45 Two-Man Saw
35:09 Plate Mail Armor
35:36 Conscription
37:12 Blast Furnace
35:36 Elite Hussite Wagon
36:51 Houfnice
38:04 Wagenburg Tactics
38:31 Guilds
啊超
10:27 Feudal Age
15:25 Castle Age
13:17 Double-Bit Axe
13:24 Horse Collar
15:14 Loom
16:54 Bow Saw
26:56 Gold Mining
27:19 Forging
27:10 Scale Mail Armor
28:19 Wheelbarrow
30:35 Imperial Age
28:16 Squires
28:57 Iron Casting
28:26 Stone Mining
29:02 Heavy Plow
29:38 Anarchy
29:33 Pikeman
30:38 Chain Mail Armor
31:19 Perfusion
30:56 Elite Huskarl
32:08 Halberdier
33:36 Conscription
34:32 Chemistry
37:23 Blast Furnace
36:16 Fletching
36:26 Padded Archer Armor
LY
0:29 Loom
10:48 Feudal Age
15:28 Castle Age
13:23 Double-Bit Axe
14:08 Gold Mining
14:00 Horse Collar
14:35 Stone Mining
16:47 Bow Saw
17:23 Heavy Plow
20:05 Fervor
22:14 Fletching
24:21 Bodkin Arrow
24:59 Squires
26:58 Wheelbarrow
32:09 Imperial Age
30:38 Padded Archer Armor
31:41 Stone Shaft Mining
31:45 Gold Shaft Mining
32:05 Leather Archer Armor
34:01 Chemistry
33:21 Ballistics
32:47 Arrowslits
33:17 Bracer
33:06 Town Watch
33:37 Hand Cart
35:17 Two-Man Saw
34:21 Town Patrol
35:00 Conscription
37:12 Ring Archer Armor
37:49 Scale Mail Armor
ansaro
8:37 Loom
11:02 Feudal Age
10:17 Loom
14:47 Castle Age
13:03 Double-Bit Axe
13:36 Gold Mining
23:55 Fletching
25:40 Scale Barding Armor
29:59 Chain Barding Armor
29:49 Forging
30:30 Horse Collar
31:23 Bow Saw
31:55 Husbandry
32:05 Bloodlines
33:58 Wheelbarrow
33:12 Town Watch
34:07 Iron Casting
35:16 Bodkin Arrow
公鸡神探
9:24 Feudal Age
10:25 Horse Collar
17:12 Castle Age
15:18 Gold Mining
16:45 Padded Archer Armor
32:27 Imperial Age
33:31 Conscription
34:29 Wheelbarrow
35:14 Scale Barding Armor
35:19 Forging
38:15 Bloodlines
38:06 Husbandry
无甲的joe
10:17 Feudal Age
12:10 Fletching
12:37 Loom
23:29 Double-Bit Axe
23:28 Horse Collar
25:59 Castle Age
24:59 Stone Mining
25:49 Forging
29:46 Padded Archer Armor
29:52 Crossbowman
32:06 Scale Mail Armor
34:50 Elite Skirmisher
翻斗花园突破手绫小路
11:09 Feudal Age
15:00 Castle Age
12:55 Double-Bit Axe
13:01 Horse Collar
17:44 Wheelbarrow
22:06 Bow Saw
22:01 Heavy Plow
23:31 Stone Mining
23:32 Gold Mining
28:45 Imperial Age
28:49 Padded Archer Armor
28:40 Fletching
29:51 Leather Archer Armor
29:31 Bodkin Arrow
29:24 Loom
29:55 Hand Cart
29:26 Town Watch
31:06 Parthian Tactics
30:47 Thumb Ring
31:06 Conscription
30:46 Recurve Bow
31:10 Ballistics
31:56 Town Patrol
32:30 Crop Rotation
33:04 Two-Man Saw
31:46 Heavy Cavalry Archer
33:29 Ring Archer Armor
34:36 Gold Shaft Mining
34:58 Bracer
35:05 Scale Barding Armor
36:34 Chemistry
35:55 Light Cavalry
37:37 Husbandry
37:48 Bloodlines
Connection lost

Rejoining the realm…

Still unreachable

The connection could not be restored.

Session expired

The server has moved on; the page needs a fresh start.